[Event "CCT Chesscom Classic-D2 2024"]
[Site "Online"]
[Date "2024.05.10"]
[Round "1"]
[White "Oparin, Grigoriy"]
[Black "Sevian, Samuel"]
[Result "1-0"]
[ECO "A06"]
[WhiteElo "2676"]
[BlackElo "2699"]
[Annotator "TA"]
[PlyCount "113"]
[EventDate "2024.05.08"]
[EventType "k.o."]
[EventCountry "NET"]
[SourceTitle "playchess.com"]
[Source "ChessBase"]
[SourceQuality "1"]
[TimeControl "600+2"]

1. Nf3 d5 2. e3 c5 3. b3 Nf6 4. Bb2 Nc6 5. Bb5 Bd7 6. c4 {[%emt 0:00:01] A06: Réti Opening: 1 Nf3 d5.} e6 7. O-O Bd6 8. cxd5 exd5 9. d4 cxd4 10. Bxd4 $5 {[%emt 0:00:03][%mdl 4] An interesting side line.} a6 $146 ({Predecessor:} 10... O-O 11. Bb2 Bg4 12. Be2 Bc7 13. Nc3 a6 14. Nd4 Qd6 15. g3 Bh3 16. Re1 Rfe8 {0-1 Tuomala,T (2197)-Godena,M (2507) EU-chT Seniors 50 2018 (3.1)}) 11. Bxc6 bxc6 12. Ne5 O-O 13. Nxd7 Nxd7 14. Nd2 Re8 15. Rc1 Rc8 16. Qg4 Ne5 17. Bxe5 Bxe5 18. Rfd1 Qa5 19. Rc2 Bf6 20. g3 Re6 21. Nf3 g6 22. Nd4 h5 23. Qe2 Rd6 24. Qf3 Be5 25. Kg2 Qb6 26. Qe2 a5 27. Nf3 Bf6 28. Rdc1 Re8 (28... c5 $11) 29. Qd3 (29. Rc5 $16) 29... Re4 $11 30. Nd2 Ree6 $1 31. Rc5 {[%emt 0:00:08] [#]} (31. h3 $11) 31... Bb2 $1 $17 32. R1c2 (32. Qc2 $17 {keeps fighting.} Bxc1 33. Qxc1) 32... Ba3 $19 33. Qd4 Bb4 34. h4 (34. R5c4 $17 Qb5 (34... dxc4 $2 35. Qxb6 Bxd2 36. bxc4 $18) 35. Rxb4 Qxb4 36. Nf3) 34... Rd8 $2 (34... Bxc5 $19 35. Rxc5 Qa6) 35. Nf3 (35. R5c4 $1 $11 c5 (35... dxc4 $2 36. Qxb6 Rd5 37. Nxc4 $18) 36. Rxc5 Bxc5 37. Rxc5) 35... Re4 $2 (35... Bxc5 $17 {stays on course.} 36. Rxc5 Red6) 36. Rxc6 $18 Qb8 (36... Qxc6 {was called for.} 37. Rxc6 Rxd4 38. exd4 (38. Nxd4 a4 $16) 38... Re8) 37. Qb6 Qxb6 38. Rxb6 Rd7 39. Nd4 Kg7 40. Rb5 Re8 41. Nc6 Re4 42. Nxb4 axb4 43. Rd2 d4 44. Rxb4 (44. Kf3 dxe3 45. fxe3 (45. Rxd7 e2 $11) 45... Rxd2 $14) 44... dxe3 45. Rxd7 (45. Rxe4 exd2 46. g4 d1=Q (46... d1=B $2 47. gxh5 Bxh5 48. Kg3 $19) 47. gxh5 Qd5 48. f3 Qd1 (48... Qxh5 {leads to mate.} 49. Kg3 Rd3 50. Rg4 Qe5+ 51. Rf4 Rd2 52. Kg4 f5+ 53. Kg3 Qe1+ 54. Kh3 Qh1+ 55. Kg3 Qh2#) (48... Qd2+ {is a self mate.} 49. Kg3 Qd6+ 50. Kg2 Qd1 51. Kf2 Rd2+ 52. Kg3 Rd3 53. Rf4 Qg1+ 54. Kh3 Rd2 55. Rxf7+ Kxf7 56. hxg6+ Kg7 57. h5 Rh2#) 49. Kf2 Rd2+ (49... gxh5 50. Re8 Rd2+ 51. Kg3 Qg1+ 52. Kf4 Rd4+ 53. Re4 Qh2+ 54. Kg5 Rd5+ 55. Re5 Rxe5#) 50. Kg3 Rd3 (50... Rxa2 51. hxg6 Qg1+ 52. Kf4 Qh2+ 53. Kg4 Kxg6 54. Re6+ fxe6 55. h5+ Kf6 56. f4 Rf2 57. b4 Rxf4#) (50... Qg1+ 51. Kf4 Kf6 52. hxg6 fxg6 53. Re8 Rd4+ 54. Re4 g5+ 55. hxg5+ Qxg5#) (50... Rxa2 51. hxg6 Qd6+ 52. Rf4 fxg6 53. b4 Qd2 54. Rf7+ Kxf7 55. Kg4 Qh2 56. Kg5 Qg3+ 57. Kh6 Qxh4#) (50... Qg1+ 51. Kf4 Kf6 52. hxg6 fxg6 53. Re8 Rd4+ 54. Re4 g5+ 55. hxg5+ Qxg5#)) 45... Rxb4 46. fxe3 Kf6 47. Rd4 Rb7 48. Kf3 Ke5 49. Ra4 Rd7 $2 (49... Rb6 50. Rc4 Rf6+ 51. Ke2 Rb6) 50. Ra5+ $18 Ke6 51. b4 Rd1 52. a4 Rb1 53. b5 f6 54. Ra6+ Kf5 55. b6 Rf1+ 56. Ke2 Rb1 57. Ra5+ 1-0

[Event "CCT Chesscom Classic-D2 2024"]
[Site "Online"]
[Date "2024.05.10"]
[Round "1"]
[White "Van Foreest, Jorden"]
[Black "Vachier-Lagrave, Maxime"]
[Result "1/2-1/2"]
[ECO "B86"]
[WhiteElo "2665"]
[BlackElo "2732"]
[Annotator "TA"]
[PlyCount "74"]
[EventDate "2024.05.08"]
[EventType "k.o."]
[EventCountry "NET"]
[SourceTitle "playchess.com"]
[Source "ChessBase"]
[SourceQuality "1"]
[TimeControl "600+2"]

1. e4 c5 2. Nf3 d6 3. d4 cxd4 4. Nxd4 Nf6 5. Nc3 a6 6. Bc4 e6 7. a4 Be7 8. O-O O-O 9. Be3 Bd7 10. a5 Nc6 11. Nxc6 Bxc6 12. Re1 Nxe4 (12... Bxe4 $2 {perishes.} 13. Nxe4 Nxe4 14. Bb6 Nxf2 15. Bxd8 $18 (15. Bxf2 d5 $18) (15. Kxf2 Qc8 $18)) 13. Nxe4 d5 $1 (13... Bxe4 $2 {too greedy.} 14. Bb6 Qb8 15. Rxe4 $18) 14. Bb6 Qe8 15. Bd3 dxe4 16. Bxe4 Rc8 17. c4 Bb4 18. Re3 Bxe4 19. Rxe4 Qc6 20. Qd3 (20. Rd4 $14) 20... Bc5 21. Bxc5 Qxc5 22. Rd4 g6 23. b3 b6 (23... Qc7 $11) 24. axb6 $16 Qxb6 25. Rd6 Rc6 26. Rxc6 Qxc6 {[%emt 0:00:00][%mdl 4096] Endgame. KQR-KQR} 27. h4 h5 28. b4 Rb8 29. Qc3 Qb7 30. Rd1 {[%emt 0:00:04] [#] Strongly threatening c5.} e5 (30... Qxb4 $2 {loses.} 31. Rd8+ Rxd8 32. Qxb4 $18) 31. Rb1 Qe4 {[%emt 0:00:07][%csl LRb1,LRh4] The position is equal.} 32. Ra1 Qd4 33. Qxd4 exd4 34. Rb1 Rc8 35. c5 {[%emt 0:00:20] aiming for Kf1.} a5 36. bxa5 {[%emt 0:00:16] [#] Black must now prevent a6.} Rxc5 37. Rd1 Rxa5 {[%emt 0:00:02] Weighted Error Value: White=0.07 (flawless) /Black=0.08 (flawless) .  Mistake:       	White=1     	Black=1      Inaccurate:     	White=1     	Black=2      OK:         	White=10    	Black=13     Best:        	White=2     	Black=1      Strong:       	---       	Black=1} 1/2-1/2

[Event "CCT Chesscom Classic-D2 2024"]
[Site "Online"]
[Date "2024.05.10"]
[Round "1"]
[White "Van Foreest, Jorden"]
[Black "Vachier-Lagrave, Maxime"]
[Result "1-0"]
[ECO "B86"]
[WhiteElo "2665"]
[BlackElo "2732"]
[Annotator "ChessBase"]
[PlyCount "119"]
[EventDate "2024.05.08"]
[EventType "k.o."]
[EventCountry "NET"]
[SourceTitle "playchess.com"]
[Source "ChessBase"]
[SourceQuality "1"]
[TimeControl "600+2"]

1. e4 c5 2. Nf3 d6 3. d4 cxd4 4. Nxd4 Nf6 5. Nc3 a6 6. Bc4 e6 7. a4 Be7 8. O-O Bd7 9. a5 Nc6 10. Nxc6 Bxc6 11. Re1 O-O 12. Be3 Rc8 13. Bf1 Qc7 14. Bd4 Nd7 15. b4 Bf6 16. Rb1 Rfd8 17. Rb3 d5 18. Bxf6 Nxf6 19. e5 Ne4 20. Qd4 f6 21. exf6 e5 22. Qb6 Qxb6 23. axb6 Nxc3 24. f7+ Kxf7 25. Rxc3 e4 26. Rd1 Rd6 27. Rc5 Ke7 28. f3 exf3 29. gxf3 Bd7 30. Re1+ Kf6 31. Bd3 Rxb6 32. Rxd5 Be6 33. Rd4 g6 34. Rf4+ Kg7 35. Kf2 Rd6 36. Re5 Rc7 37. h4 Bf7 38. Ke3 Rf6 39. Rd4 b5 40. Be4 Bc4 41. h5 Bf7 42. hxg6 Bxg6 43. Rc5 Re7 44. Rcd5 Bxe4 45. fxe4 Rc6 46. Rc5 Rg6 47. Rc8 h5 48. Rdd8 Kh6 49. Rh8+ Rh7 50. Rxh7+ Kxh7 51. Kf4 h4 52. Rc3 Kh6 53. e5 Rg1 54. e6 Kg6 55. Re3 Rf1+ 56. Ke5 Rd1 57. Rf3 Kg5 58. e7 Re1+ 59. Kd6 Kg4 60. Rf8 1-0

[Event "CCT Chesscom Classic-D2 2024"]
[Site "Online"]
[Date "2024.05.10"]
[Round "1"]
[White "Kollars, Dmitrij"]
[Black "Dominguez Perez, Leinier"]
[Result "1/2-1/2"]
[ECO "C50"]
[WhiteElo "2648"]
[BlackElo "2748"]
[Annotator "TA"]
[PlyCount "63"]
[EventDate "2024.05.08"]
[EventType "k.o."]
[EventCountry "NET"]
[SourceTitle "playchess.com"]
[Source "ChessBase"]
[SourceQuality "1"]
[TimeControl "600+2"]

1. e4 e5 2. Nf3 Nc6 3. Bc4 Bc5 4. d3 Nf6 5. Nc3 h6 6. h3 a6 7. Be3 Bxe3 8. fxe3 d6 {[%emt 0:00:01] The position is equal.} 9. a3 Be6 10. Nd2 O-O 11. Qe2 d5 12. exd5 Nxd5 13. Nce4 Qe7 14. Bxd5 Bxd5 15. g4 Qh4+ 16. Qf2 Qxf2+ 17. Kxf2 f5 18. gxf5 Rxf5+ 19. Ke2 Raf8 20. c4 Bxe4 21. Nxe4 Nd8 22. Rag1 Kh7 23. Rg3 Ne6 24. Rhg1 R8f7 25. h4 a5 26. b4 axb4 27. axb4 b6 28. Rg6 Re7 29. R6g4 Ref7 30. Rg6 Re7 31. R6g4 {[%emt 0:00:33] White is more active.} Ref7 32. Rg6 {[%emt 0:00:54] Weighted Error Value: White=0.17 (very precise) /Black=0.11 (very precise) .  Inaccurate:     	White=4     	Black=4      OK:         	White=6     	Black=10     Best:        	---       	Black=1} 1/2-1/2

[Event "CCT Chesscom Classic-D2 2024"]
[Site "Online"]
[Date "2024.05.10"]
[Round "1"]
[White "Kollars, Dmitrij"]
[Black "Dominguez Perez, Leinier"]
[Result "1-0"]
[ECO "C50"]
[WhiteElo "2648"]
[BlackElo "2748"]
[Annotator "RC"]
[PlyCount "135"]
[EventDate "2024.05.08"]
[EventType "k.o."]
[EventCountry "NET"]
[SourceTitle "playchess.com"]
[Source "ChessBase"]
[SourceQuality "1"]
[TimeControl "600+2"]

1. e4 e5 2. Nf3 Nc6 3. Bc4 Bc5 4. d3 Nf6 5. Nc3 h6 6. h3 a6 7. Be3 Bxe3 8. fxe3 d6 9. a3 Be6 10. Nd2 O-O 11. Qe2 Bxc4 12. dxc4 Nb8 13. g4 Ne8 14. h4 g6 15. O-O-O Nd7 16. h5 g5 17. Nf1 Ng7 18. Ng3 f6 19. Rhf1 Rf7 20. Kd2 Qf8 21. Ke1 Rd8 22. Kf2 c6 23. a4 a5 24. Kg2 Nc5 25. Rd2 Rfd7 26. b3 Rf7 27. Qd1 Rfd7 28. Rdf2 Rf7 29. Qd2 Qe7 30. Rd1 Qf8 31. Nce2 Qe7 32. Qxa5 Qd7 33. Kh3 Qc8 34. Qe1 d5 35. cxd5 cxd5 36. Qf1 Nxe4 37. Nxe4 dxe4 38. Rxd8+ Qxd8 39. Ng3 Qd5 40. Qb5 Qe6 41. Qf1 Qc6 42. Qg2 f5 43. gxf5 Ne8 44. Qxe4 Qd6 45. Qd3 Qc6 46. Qe4 Qd6 47. Qc4 Nf6 48. Ne4 Nxe4 49. Qxe4 Qd1 50. Qf3 Qg1 51. f6 e4 52. Qg2 Qd1 53. Qxe4 Qxh5+ 54. Kg2 g4 55. Qf4 Kh7 56. e4 Qh3+ 57. Kg1 h5 58. e5 g3 59. Rg2 h4 60. Qe4+ Kh6 61. Rd2 Kg5 62. Qe3+ Kg6 63. Qe4+ Kg5 64. e6 Rxf6 65. Rd5+ Kh6 66. Qe3+ Kg7 67. Qg5+ Kh7 68. Rd7+ 1-0

[Event "CCT Chesscom Classic-D2 2024"]
[Site "Online"]
[Date "2024.05.10"]
[Round "1"]
[White "Bluebaum, Matthias"]
[Black "Dubov, Daniil"]
[Result "0-1"]
[ECO "D94"]
[WhiteElo "2647"]
[BlackElo "2707"]
[Annotator "TA"]
[PlyCount "100"]
[EventDate "2024.05.08"]
[EventType "k.o."]
[EventCountry "NET"]
[SourceTitle "playchess.com"]
[Source "ChessBase"]
[SourceQuality "1"]
[TimeControl "600+2"]

1. Nf3 Nf6 2. c4 c6 3. e3 d5 4. Nc3 g6 5. d4 Bg7 6. h3 O-O 7. Be2 Nbd7 8. O-O dxc4 9. Bxc4 b5 10. Bd3 Bb7 11. e4 b4 12. Na4 c5 13. e5 Nd5 14. e6 fxe6 15. Ng5 Bxd4 16. Nxh7 Ne5 17. Nxf8 Qxf8 18. Be4 Rd8 (18... Ba6 $2 19. Bxd5 (19. Nxc5 Bxc5 20. Bxd5 Bxf1 $15) 19... Bxf1 $16 (19... exd5 $2 20. Nxc5 Bxc5 21. Qxd5+ Nf7 22. Qxc5 $18)) 19. Qc2 $1 Ba6 (19... c4 $6 20. Be3 Bxe3 (20... Nxe3 $2 21. fxe3 Bxe3+ 22. Kh1 $18) 21. fxe3 $16) 20. Rd1 $2 {[%emt 0:00:29] [#]} (20. Nxc5 $1 $11 Bxf1 21. Nxe6) 20... b3 $1 $19 21. Qxb3 $2 (21. axb3 {was the only chance.} Nb4 22. Rxd4 Nxc2 (22... Rxd4 $2 23. Qxc5 Rxe4 24. Be3 $17) 23. Rxd8 Qxd8 24. Bxc2) 21... Qxf2+ $19 22. Kh2 $2 (22. Kh1 $19 Bc4 (22... Bf1 $2 23. Rxd4 cxd4 24. Nc5 $19) 23. Qa3) 22... Qh4 (22... Bd3 $142 23. Bf5 Nf3+ (23... Qxf5 $2 24. Bh6 $19) 24. Kh1 Bf1 25. Bxe6+ Kh8 26. gxf3 Qg2#) 23. Bxd5 (23. Qg3 $142 Qxe4 24. Nc3) 23... Ng4+ $19 (23... Rxd5 24. Qg3 Qxg3+ 25. Kxg3 $17) 24. Kh1 Rxd5 25. Qb8+ Kh7 26. Bf4 Nf2+ 27. Kh2 e5 (27... Nxh3 $142 28. Bg3 Qh5 29. gxh3 Qe2+ 30. Kh1 Bb7 31. Qxb7 Qf3+ 32. Kh2 Bg1+ 33. Rxg1 Rd2+ 34. Rg2 Rxg2+ (34... Qxb7 $2 35. Rxd2 Qa6 36. Nxc5 $18) 35. Kh1 Qxb7 36. Nxc5 Qf3 (36... Rxg3+ $2 37. Nxb7 Rxh3+ 38. Kg2 $18) 37. Nxe6 Rxg3+ 38. Kh2 Qg2#) 28. Rxd4 $19 cxd4 (28... exd4 29. Bg3 Qe4 (29... Qf6 30. Re1 $16) 30. Bxf2 $16) 29. Bg3 Ng4+ 30. Kg1 Qxg3 31. hxg4 Qe3+ (31... Qxg4 32. Qb3 Qd7 33. Qf3 $19) 32. Kh1 Qh6+ (32... Qg5 $142 33. Qe8 Kg7 (33... Qxg4 $2 34. Qf7+ Kh6 35. Qxd5 $18)) 33. Kg1 $19 {[%emt 0:00:00] [#]} Qe3+ $2 (33... Qg5 $1 34. b4 e4 (34... Qxg4 35. Qf8 $15)) 34. Kh1 $1 $19 Rd6 $2 (34... Qg5 $19 35. Kg1 e4 (35... Qxg4 $2 36. Qf8 $19)) 35. Qe8 $1 $11 Qh6+ 36. Kg1 Qe3+ (36... Rf6 {seems wilder.} 37. Re1 Qf4 38. Qxe7+ Kh6) 37. Kh1 Qh6+ 38. Kg1 Qg7 (38... Rf6 {is more complex.} 39. Re1 Qf4 40. Qxe7+ Kh6) 39. Rc1 $2 (39. Nc5 $11 {and White stays safe.}) 39... d3 $19 40. Nc3 d2 41. Rd1 e4 42. Qb8 e3 (42... Qd4+ $142 43. Kh2 g5 44. Qf8 Rh6+ 45. Qxh6+ Kxh6 46. Kh1 e3 47. a4 e2 (47... Qxg4 {leads to mate.} 48. Kg1 e2 49. Nxe2 Qxe2 50. b4 Qxd1+ 51. Kh2 Qe2 52. Kh3 Bb7 53. Kh2 Qxg2#) 48. Nxe2 Bxe2 49. Rg1 d1=R (49... Qxg1+ {is a self mate.} 50. Kxg1 d1=Q+ 51. Kf2 Bf1 52. Ke3 Qd3+ 53. Kf2 Qe2+ 54. Kg3 Qxg2#) 50. Rxd1 Qxd1+ 51. Kh2 Bf1 (51... Bxg4 52. b4 Be2 53. b5 Bf1 54. Kg3 Qe2 55. Kh3 Qxg2#) (51... Qd6+ 52. Kh1 Qd4 53. Kh2 Qf2 54. b4 Bf3 55. Kh3 Qxg2#) 52. Kg3 Qd2 53. Kh3 Qxg2#) 43. Ne4 Qd4 44. Ng5+ Kg7 45. Nf3 e2+ 46. Nxd4 exd1=Q+ 47. Kh2 Qxg4 48. Nf3 Qf4+ 49. Kg1 d1=Q+ 50. Ne1 Qxe1# 0-1

[Event "CCT Chesscom Classic-D2 2024"]
[Site "Online"]
[Date "2024.05.10"]
[Round "1"]
[White "Bluebaum, Matthias"]
[Black "Dubov, Daniil"]
[Result "1/2-1/2"]
[ECO "D94"]
[WhiteElo "2647"]
[BlackElo "2707"]
[Annotator "RC"]
[PlyCount "100"]
[EventDate "2024.05.08"]
[EventType "k.o."]
[EventCountry "NET"]
[SourceTitle "playchess.com"]
[Source "ChessBase"]
[SourceQuality "1"]
[TimeControl "600+2"]

1. Nf3 Nf6 2. c4 c6 3. e3 d5 4. Nc3 g6 5. d4 Bg7 6. h3 O-O 7. Be2 Nbd7 8. O-O dxc4 9. Bxc4 b5 10. Bd3 Bb7 11. e4 b4 12. Na4 c5 13. e5 Nd5 14. e6 fxe6 15. Ng5 Bxd4 16. Nxh7 Ne5 17. Nxf8 Qxf8 18. Be4 Rd8 19. Qc2 Ba6 20. Rd1 b3 21. Qxb3 Qxf2+ 22. Kh2 Qh4 23. Bxd5 Ng4+ 24. Kh1 Rxd5 25. Qb8+ Kh7 26. Bf4 Nf2+ 27. Kh2 e5 28. Rxd4 cxd4 29. Bg3 Ng4+ 30. Kg1 Qxg3 31. hxg4 Qe3+ 32. Kh1 Qh6+ 33. Kg1 Qe3+ 34. Kh1 Rd6 35. Qe8 Qh6+ 36. Kg1 Qe3+ 37. Kh1 Qh6+ 38. Kg1 Qg7 39. Rc1 d3 40. Nc3 d2 41. Rd1 e4 42. Qb8 e3 43. Ne4 Qd4 44. Ng5+ Kg7 45. Nf3 e2+ 46. Nxd4 exd1=Q+ 47. Kh2 Qxg4 48. Nf3 Qf4+ 49. Kg1 d1=Q+ 50. Ne1 Qxe1# 1/2-1/2

[Event "CCT Chesscom Classic-D2 2024"]
[Site "Online"]
[Date "2024.05.10"]
[Round "1"]
[White "Hakobyan, Aram"]
[Black "Caruana, Fabiano"]
[Result "1-0"]
[ECO "C48"]
[WhiteElo "2617"]
[BlackElo "2805"]
[Annotator "TA"]
[PlyCount "109"]
[EventDate "2024.05.08"]
[EventType "k.o."]
[EventCountry "NET"]
[SourceTitle "playchess.com"]
[Source "ChessBase"]
[SourceQuality "1"]
[TimeControl "600+2"]

1. e4 e5 2. Nf3 Nc6 3. Nc3 Nf6 4. Bb5 Bd6 5. d3 h6 6. Be3 a6 7. Ba4 Ng4 8. a3 {[%emt 0:00:33] The position is equal.} Nxe3 9. fxe3 Na5 10. Qd2 b5 11. b4 bxa4 12. bxa5 O-O 13. Nxa4 Be7 14. O-O d6 15. c4 Bd7 16. Nc3 c6 {[%emt 0:00:01] Prevents Nd5.} 17. Na4 Rb8 18. Nb6 Be6 19. Rab1 {[%emt 0:00:25] White is more active.} Qc7 20. Qc3 f5 21. exf5 Rxf5 22. e4 Rf7 {[%emt 0:00:11] [#]} 23. c5 $1 Rbf8 (23... d5 24. d4) 24. Nc4 Bxc4 25. Qxc4 d5 (25... Qxa5 $11 26. cxd6 Bxd6) 26. exd5 ({Reject} 26. Qxa6 Bxc5+ 27. Kh1 Qd6 $11) (26. Qc3 $16) 26... cxd5 $11 27. Qxd5 {[%emt 0:00:00] Hoping for Rfc1.} Qxc5+ 28. Qxc5 Bxc5+ 29. Kh1 Bxa3 30. Rfe1 Rf5 31. Rxe5 Bd6 32. Rxf5 Rxf5 {[%emt 0:00:01][%mdl 4096] Endgame. KRB-KRN} 33. Rb6 Bc7 34. Rxa6 {[%emt 0:00:03] Strongly threatening Ra8+.} Bxa5 35. Kg1 Rb5 36. d4 Kh7 (36... Bc7 $14) 37. h4 ({White should play} 37. Kf2 $16) 37... Bd8 38. Kf2 Rb2+ 39. Kg3 h5 (39... Bf6 $14) 40. Ng5+ (40. d5 $1 $16) 40... Bxg5 41. hxg5 {[%emt 0:00:00] KR-KR} Rb5 42. Kf4 {[%emt 0:01:13] White wants to play g3.} Rd5 $2 {[%emt 0:00:02][%mdl 8192] A mistake that costs the game.} (42... Rb2 $11 {and Black is okay.}) 43. Ke4 $1 $18 Rxg5 (43... Rb5 44. d5 Rb2) 44. Ra2 Kg6 {[%emt 0:01:06] [#]} 45. Rf2 $1 Ra5 46. d5 Ra1 {[%emt 0:00:13] [#]} 47. d6 $1 Rd1 48. Ke5 h4 49. Rf4 Re1+ 50. Kd5 {[%emt 0:00:01][%cal Od6d7] White threatens d7! and mate.} Rd1+ 51. Ke6 {[%emt 0:00:09][%cal Of4e4] White wants to mate with Re4!} Kg5 52. Re4 {[%emt 0:00:03] White mates.} Kh5 53. Re5+ g5 54. Rd5 Re1+ 55. Kf7 {[%emt 0:00:01] Weighted Error Value: White=0.14 (very precise) /Black=0.45.  Loses game:     	---       	Black=1      Mistake:       	White=3     	Black=4      Inaccurate:     	White=1     	Black=2      OK:         	White=13    	Black=10     Best:        	White=5     	Black=2      Strong:       	White=1     	---} 1-0

[Event "CCT Chesscom Classic-D2 2024"]
[Site "Online"]
[Date "2024.05.10"]
[Round "1"]
[White "Rakhmanov, Aleksandr"]
[Black "Esipenko, Andrey"]
[Result "0-1"]
[ECO "E48"]
[WhiteElo "2614"]
[BlackElo "2704"]
[Annotator "RC"]
[PlyCount "146"]
[EventDate "2024.05.08"]
[EventType "k.o."]
[EventCountry "NET"]
[SourceTitle "playchess.com"]
[Source "ChessBase"]
[SourceQuality "1"]
[TimeControl "600+2"]

1. d4 Nf6 2. c4 e6 3. Nc3 Bb4 4. e3 O-O 5. Bd3 d5 6. Nge2 dxc4 7. Bxc4 Be7 8. e4 c5 9. e5 Nfd7 10. f4 a6 11. O-O b5 12. Bb3 Bb7 13. Be3 Nb6 14. dxc5 N6d7 15. f5 Bxc5 16. Nd4 Nxe5 17. fxe6 Nbc6 18. exf7+ Kh8 19. Nf5 Bxe3+ 20. Nxe3 Qg5 21. Qd2 Rad8 22. Qf2 Nd4 23. Bd5 Bxd5 24. Nexd5 Ndc6 25. Qf4 Qh5 26. a3 Rxf7 27. Qg3 Rdf8 28. Rxf7 Qxf7 29. h3 h6 30. Re1 Qa7+ 31. Kh1 Qf2 32. Qxf2 Rxf2 33. Nc7 Rxb2 34. Nxa6 Rb3 35. Nb1 Nd3 36. Rf1 Nd4 37. Nc7 Nc2 38. Ne6 Nxa3 39. Nxa3 Rxa3 40. Rf8+ Kh7 41. Rf7 Kg6 42. Rb7 b4 43. Nd4 Rc3 44. Rb6+ Kg5 45. Kh2 g6 46. Rb5+ Kf6 47. Kg1 Rc4 48. Nf3 Ke6 49. Kf1 Nf4 50. g3 Nd5 51. Kf2 Rc2+ 52. Ke1 Kd6 53. Nd2 Rc1+ 54. Kf2 Rc2 55. Ke1 Ke5 56. Nf3+ Ke4 57. Nd2+ Ke3 58. Nf1+ Kd4 59. Nd2 Rc3 60. Ke2 Rxg3 61. Nf3+ Kc4 62. Rb8 Rxh3 63. Rc8+ Kb3 64. Nd4+ Kb2 65. Rc2+ Ka3 66. Rc5 Nc3+ 67. Ke1 Re3+ 68. Kf1 Rd3 69. Nc2+ Kb3 70. Ne1 Rd6 71. Rc8 Ne4 72. Nf3 Nd2+ 73. Nxd2+ Rxd2 0-1

[Event "CCT Chesscom Classic-D2 2024"]
[Site "Online"]
[Date "2024.05.10"]
[Round "1"]
[White "Rakhmanov, Aleksandr"]
[Black "Esipenko, Andrey"]
[Result "1/2-1/2"]
[ECO "A30"]
[WhiteElo "2614"]
[BlackElo "2704"]
[Annotator "TA"]
[PlyCount "41"]
[EventDate "2024.05.08"]
[EventType "k.o."]
[EventCountry "NET"]
[SourceTitle "playchess.com"]
[Source "ChessBase"]
[SourceQuality "1"]
[TimeControl "600+2"]

1. c4 Nf6 ({Predecessor:} 1... e5 2. Nc3 Nc6 3. g3 Bc5 4. Bg2 d6 5. e3 a6 6. Nge2 Ba7 7. d3 h5 8. h3 h4 9. g4 f5 10. gxf5 Bxf5 11. b4 Qd7 12. Rb1 Nf6 13. b5 axb5 14. Rxb5 {1-0 Xiong,J (2646)-Christiansen,J (2637) Titled Tuesday intern op 30th Apr Early blitz 2024 (8)}) 2. Nf3 e6 3. e3 d5 4. b3 Be7 5. Bb2 O-O 6. Be2 {[%emt 0:00:10] A30: Symmetrical English: Double Fianchetto and Hedgehog.} b6 7. O-O Bb7 8. Nc3 c5 9. cxd5 Nxd5 10. d4 Nxc3 11. Bxc3 Nd7 12. Bb2 Rc8 13. Rc1 Nf6 14. Ne5 cxd4 15. Rxc8 Qxc8 16. Bxd4 Rd8 17. Qa1 Ba3 18. Nc4 Be7 19. Ne5 Ba3 20. Nc4 Be7 {[%emt 0:00:12] Check Result:0.00} 21. Ne5 1/2-1/2

[Event "CCT Chesscom Classic-D2 2024"]
[Site "Online"]
[Date "2024.05.10"]
[Round "1"]
[White "Martinez Alcantara, Jose Eduardo"]
[Black "So, Wesley"]
[Result "1-0"]
[ECO "C24"]
[WhiteElo "2612"]
[BlackElo "2757"]
[Annotator "TA"]
[PlyCount "101"]
[EventDate "2024.05.08"]
[EventType "k.o."]
[EventCountry "NET"]
[SourceTitle "playchess.com"]
[Source "ChessBase"]
[SourceQuality "1"]
[TimeControl "600+2"]

1. e4 e5 2. Bc4 Nf6 3. d3 c6 4. Nf3 d5 5. Bb3 Bd6 6. Nc3 O-O {[%emt 0:00:17] is more profitable than 6...dxe4 at the moment. C24: Bishop's Opening: 2...Nf6.} 7. Bg5 d4 8. Ne2 Nbd7 $5 {[%emt 0:00:27][%mdl 4] A promising side line.} 9. Ng3 Nc5 10. O-O h6 $146 ({Predecessor:} 10... a5 11. c3 dxc3 12. bxc3 Nxb3 13. Qxb3 a4 14. Qc2 h6 15. Bd2 Re8 16. Nh4 Bf8 {1-0 Sikora Lerch,J (2395)-Gabriel,J (2315) Oberliga Wuerttemberg 9192 1991}) 11. Bd2 a5 12. c3 dxc3 13. Bxc3 Re8 14. h3 Nxb3 15. axb3 c5 16. Nh2 b6 17. Qf3 Bf8 18. Qe3 Ra7 19. f4 exf4 20. Qxf4 Bd6 (20... Qxd3 $2 21. Rad1 $18) 21. Qf2 (21. Qf3 $17) 21... Be5 $2 (21... Qc7 $19 22. Be1 Rd8) 22. Bxe5 $11 Rxe5 23. Nf3 Re8 24. e5 (24. Rad1 $11) 24... Nh7 ({Black should play} 24... Nd7 $1 $17 25. Rae1 Nf8) 25. d4 $11 Bb7 {[%emt 0:00:03] [#]} (25... cxd4 $11 26. Ne4 Bb7) 26. Nh4 $2 {[%emt 0:00:52][%mdl 8192] [#]} (26. Nf5 $1 $14 {stays ahead.}) 26... Qxd4 (26... Qxh4 27. Qxf7+ (27. dxc5 $2 Bd5 $19) 27... Kh8 28. Qxe8+) (26... Ba6 $1 $19 27. Ngf5 Bxf1 28. Rxf1 cxd4) 27. Qxd4 cxd4 28. Rad1 Rxe5 29. Rxd4 Nf6 (29... Rd5 $17 30. Rfd1 Nf6) 30. Nhf5 (30. Rxf6 $1 $11 gxf6 31. Rd8+ Kh7 32. Rd7) 30... Kh7 $17 31. Rd6 Ne4 $2 (31... Re6 $17 {...Rxd6 would now be deadly.} 32. Rfd1 Ra8) 32. Rd7 $1 $11 Nxg3 33. Nxg3 Rg5 34. Kh2 Bxg2 $1 35. Rxa7 Bxf1 36. Nxf1 Kg6 (36... Re5 $14) 37. Rc7 (37. Nd2 $16) 37... Re5 $14 38. Rc6+ f6 39. Rxb6 Re2+ 40. Kg3 Rxb2 41. Rb5 $1 f5 {[%emt 0:00:04] [#]} (41... h5 $14) 42. Ne3 $1 $18 Ra2 43. Rb6+ Kh7 44. Nxf5 a4 45. Rb7 Kg6 46. Ne7+ Kh5 (46... Kh7 $16) 47. Nd5 (47. Rb5+ $18 {is the precise move to win.} g5 48. Nd5) 47... Ra3 $16 48. Rxg7 (48. Nf4+ $16 Kg5 49. Ne6+ (49. Rxg7+ Kf5 $18) 49... Kf6 50. Nc5 (50. Nxg7 $2 {perishes.} Rxb3+ 51. Rxb3 axb3 $19) 50... axb3 51. Rb6+ (51. Rxb3 Ra1 $18) (51. Nxb3 g5 $16) 51... Kg5 52. Rxb3 (52. Nxb3 g6 $18)) 48... Rxb3+ $14 49. Kf4 Rb5 50. Ke4 Kh4 51. Nf4 1-0